 Dungeon Crawl Stone Soup version 0.17.0-7-gfadd4cc (console) character file.

14 gw the Cutter (level 2, -4/24 HPs)
             Began as a Vine Stalker Berserker on Nov 9, 2015.
             Was a Follower of Trog.
             Slain by a worm (5 damage)
             ... on level 2 of the Dungeon.
             The game lasted 00:00:40 (522 turns).

gw the Cutter (Vine Stalker Berserker)               Turns: 522, Time: 00:00:40

Health: -4/24      AC:  3    Str: 24    XL:     2   Next: 45%
Magic:  0/3        EV: 12    Int:  7    God:    Trog [*.....]
Gold:   84         SH:  0    Dex: 13    Spells: 0 memorised, 1 level left

rFire  . . .     SeeInvis .     a - +0 short sword
rCold  . . .     Clarity  .     f - +0 leather armour
rNeg   . . .     SustAt   .     (no shield)
rPois  .         Gourm    .     (no helmet)
rElec  .         Spirit   +     (no cloak)
rCorr  .         Warding  .     (no gloves)
rMut   .         Stasis   .     (no boots)
MR     .....                    (no amulet)
Stlth  ..........               (no ring)
                                (no ring)

@: berserking, very quick, not resistant to hostile enchantments, extremely
unstealthy
A: fangs 2, regeneration 1, magic shield, antimagic bite, no device heal 3, rot
immunity
a: Berserk, Burn Spellbooks, Renounce Religion


You were on level 2 of the Dungeon.
You worshipped Trog.
Trog was aware of your devotion.
You were not hungry.

You visited 1 branch of the dungeon, and saw 2 of its levels.

You collected 84 gold pieces.

Inventory:

Hand Weapons
 a - a +0 short sword (weapon)
Missiles
 d - 24 stones (quivered)
Armour
 f - a +0 leather armour (worn)
Comestibles
 c - 3 bread rations


   Skills:
 + Level 2.9 Fighting
 * Level 2.9 Short Blades
 + Level 1.0 Throwing
 - Level 1.5 Armour
 + Level 1.7 Dodging


You had one spell level left.
You didn't know any spells.

Dungeon Overview and Level Annotations

Branches:
Dungeon (2/15)

Altars:


Innate Abilities, Weirdness & Mutations

You have extremely sharp teeth.
Your natural rate of healing is unusually fast.
When hurt, damage is shared between your health and your magic reserves.
Your bite disrupts and absorbs the magic of your enemies.
Potions and wands cannot restore your health.
You are immune to rotting.


Message History

The worm is heavily wounded.
The worm bites you!
Ouch! That really hurt!
Unknown command.
Unknown command.
Unknown command.
Unknown command.
A red film seems to cover your vision as you go berserk!
You feel yourself moving faster!
You feel mighty!
You feel quite a bit more hungry.
Unknown command.
Unknown command.
Unknown command.
Unknown command.
ATTACK MOVE TO (1,0)
You completely miss the worm. You bite the worm. You drain its power.
You feel invigorated.
The worm is severely wounded.
The worm bites you!
You die...

..........#<....#.....
#.#####(..#######.###.
..(.(..(#... #.# #.
######..#.### #.# #.
#.......# #.# #.
#.#(#.#.# #.# #.
#..(#[# #<# #.
#####.#.# ### #.
#fwr(..(# #. #%###..##
#. #+# #..... ......#
....>..+ ........#
.........# ..........#


You could see a worm and a rat.

Table legend:
 A = Turns spent in this place as a percentage of turns spent in the entire game.
 B = Non-inter-level travel turns spent in this place as a percentage of non-inter-level travel turns spent in the entire game.
 C = Inter-level travel turns spent in this place as a percentage of turns spent in this place.
 D = Turns resting spent in this place as a percentage of non-inter-level travel turns spent in this place.
 E = Turns spent auto-exploring this place as a percentage of non-inter-level travel turns spent in this place.
 F = Non-inter-level travel turns spent in this place divided by the number of levels of this place that you've seen.
                   A       B       C       D       E      F
               +-------+-------+-------+-------+-------+----------------------
         Total | 100.0 | 100.0 |   0.1 |   0.5 |   2.6 | 547.0
       Dungeon | 100.0 | 100.0 |   0.1 |   0.5 |   2.6 | 547.0
               +-------+-------+-------+-------+-------+----------------------

Table legend:
 A = Kills in this place as a percentage of kills in entire the game.
 B = Kills by you in this place as a percentage of kills by you in the entire game.
 C = Kills by friends in this place as a percentage of kills by friends in the entire game.
 D = Other kills in this place as a percentage of other kills in the entire game.
 E = Experience gained in this place as a percentage of experience gained in the entire game.
 F = Experience gained in this place divided by the number of levels of this place that you have seen.
                   A       B       C       D       E      F
               +-------+-------+-------+-------+-------+----------------------
         Total | 100.0 | 100.0 |  -nan |  -nan | 100.0 |  10.5
       Dungeon | 100.0 | 100.0 |  -nan |  -nan | 100.0 |  10.5
               +-------+-------+-------+-------+-------+----------------------

Vanquished Creatures
  A bat (D:2)
  2 giant cockroaches (D:1)
  3 hobgoblins (D:1)
  5 goblins
  A kobold (D:1)
12 creatures vanquished.

Notes
Turn   | Place    | Note
--------------------------------------------------------------
     0 | D:1      | gw the Vine Stalker Berserker began the quest for the Orb.
     0 | D:1      | Reached XP level 1. HP: 11/11 MP: 2/2
   173 | D:1      | Reached XP level 2. HP: 14/16 MP: 1/3
   447 | D:2      | Reached skill level 1 in Throwing
   522 | D:2      | Slain by a worm

Action                   || total
-------------------------++-------
Melee: Short sword       ||    29
Throw: Stone             ||    24
       Tomahawk          ||     6
Invok: Berserk           ||     1

Vault maps used:
D:1:      saegor_arrival_simple_a
D:2:      kennysheep_ying_yang
